Map: Ночной сумрак РВ

Players

Melkor

  • Race: Terran Terran
  • League: Master
  • Spawn Location: 11:00

ELESTRAGO - Winner!

  • Race: Terran Terran
  • League: Grandmaster
  • Spawn Location: 5:00

VOD

Have the link to the VOD?

Description

Time

  • Played on: Dec. 6, 2019, 12:13 p.m.
  • Length: 10:59
Show
View Real Time Build Order
Export as new Build Order

Melkor Terran 

Build Orders: Gas First Reaper Expand 

Get SALT Encoding   

  12  0:01  SCV  
  13  0:13  SCV  
  14  0:18  Supply Depot  
  14  0:25  SCV  
  14  0:28  Refinery  
  15  0:39  SCV  
  16  0:45  Barracks  
  16  0:52  SCV  
  17  1:04  SCV  
  18  1:16  SCV  
  19  1:39  Orbital Command, Reaper  
  20  1:47  Command Center  
  20  2:01  Bunker  
  20  2:02  Supply Depot  
  20  2:05  SCV  
  21  2:11  Barracks Reactor  
  21  2:19  Factory  
  21  2:22  SCV  
  22  2:34  SCV  
  23  2:46  SCV  
  24  2:51  Marine x2  
  26  2:58  SCV  
  26  2:59  Refinery  
  26  3:00  Orbital Command  
  26  3:03  Supply Depot, Factory Tech Lab  
  27  3:09  Marine x2  
  29  3:18  SCV  
  27  3:24  Hellion  
  29  3:27  Marine x2  
  28  3:38  SCV  
  28  3:40  SCV  
  30  3:57  SCV x2  
  30  3:58  Starport  
  32  4:03  Cyclone  
  35  4:13  Marine  
  35  4:14  Marine  
  35  4:16  SCV x2  
  38  4:21  Engineering Bay  
  35  4:31  Marine x2  
  37  4:44  Starport Tech Lab  
  37  4:45  Cyclone  
  37  4:49  Missile Turret  
  40  4:55  Missile Turret  
  40  4:59  SCV  
  41  5:02  SCV  
  41  5:06  Raven  
  44  5:14  Marine x2  
  46  5:22  SCV x2  
  48  5:34  SCV x2  
  50  5:36  Siege Tank  
  52  5:48  SCV x2  
  54  5:57  Supply Depot  
  54  6:00  Supply Depot  
  54  6:04  Stimpack  
  54  6:18  Marine  
  54  6:19  Siege Tank, Viking x2  
  54  6:22  Refinery  
  54  6:23  Refinery  
  62  6:28  SCV x2  
  62  6:31  Supply Depot  
  64  6:34  Supply Depot  
  64  6:40  SCV x2  
  64  6:42  Marine  
  67  6:50  Barracks  
  67  6:52  Siege Tank  
  67  6:53  Barracks  
  70  6:58  Terran Infantry Weapons Level 1  
  70  7:04  SCV x2  
  72  7:24  Marine  
  72  7:25  SCV x2, Siege Tank  
  72  7:29  Supply Depot  
  78  7:37  Viking x2  
  78  7:39  SCV x2  
  78  7:40  Barracks Reactor x2  
  84  7:45  Command Center  
  84  7:46  Combat Shield  
  84  7:47  Marine  
  85  7:51  SCV  
  85  7:55  SCV  
  87  8:01  Siege Tank  
  87  8:03  SCV  
  87  8:04  Marine  
  92  8:06  Supply Depot  
  92  8:07  Supply Depot, SCV  
  93  8:13  Viking  
  93  8:15  SCV  
  65  8:35  Marine  
  65  8:36  Marine x2  
  65  8:37  SCV x2  
  66  8:41  Marine  
  66  8:42  Marine  
  66  8:46  Viking x2  
  72  8:49  SCV  
  72  8:53  Marine  
  72  8:55  Marine x2  
  72  8:56  SCV  
  72  8:59  Refinery, Marine  
  72  9:02  SCV  
  75  9:04  Terran Infantry Armor Level 1  
  75  9:07  Marine  
  75  9:08  SCV  
  77  9:10  Siege Tank  
  77  9:11  Marine  
  77  9:14  SCV  
  82  9:18  Marine x3, Liberator  
  82  9:20  SCV  
  82  9:23  Liberator  
  86  9:25  Marine  
  86  9:26  SCV  
  88  9:32  SCV  
  88  9:33  Marine  
  88  9:38  SCV  
  94  9:43  Marine x2  
  94  9:44  SCV, Marine x2  
  98  9:50  Siege Tank  
  99  9:58  Marine  
  96  10:00  SCV  
  96  10:01  Marine x3  
  99  10:20  Marine x3  
Show
View Real Time Build Order
Export as new Build Order

ELESTRAGO Terran - Winner!

Build Orders: 1/1/1, Banshee Rush 

Get SALT Encoding   

  12  0:00  SCV  
  13  0:13  SCV  
  14  0:18  Supply Depot  
  14  0:25  SCV  
  14  0:28  Refinery  
  15  0:39  SCV  
  16  0:44  Barracks  
  16  0:51  SCV  
  16  0:54  Refinery  
  17  1:03  SCV  
  18  1:16  SCV  
  19  1:32  Orbital Command, Factory  
  19  1:34  Reaper  
  20  1:42  Supply Depot  
  20  1:57  SCV  
  21  2:06  Reaper  
  22  2:09  SCV  
  23  2:19  Starport, Hellion  
  23  2:21  SCV  
  26  2:27  Supply Depot  
  26  2:37  SCV  
  26  2:40  Barracks Tech Lab  
  26  2:41  Factory Tech Lab  
  27  2:53  SCV  
  28  3:02  Banshee, Cloaking Field  
  34  3:20  Cyclone  
  34  3:27  Command Center  
  32  3:38  Barracks Reactor  
  32  3:40  SCV  
  31  3:46  Supply Depot, Banshee  
  34  3:52  SCV  
  35  3:57  Cyclone  
  38  4:05  SCV  
  39  4:16  Marine x2  
  41  4:17  SCV  
  42  4:29  SCV  
  43  4:34  Refinery  
  43  4:40  Siege Tank  
  43  4:41  SCV  
  44  4:49  Barracks x2  
  44  4:52  Starport Reactor  
  44  4:53  SCV, Marine  
  44  4:54  Stimpack  
  44  4:58  Orbital Command  
  46  5:05  Engineering Bay  
  46  5:06  SCV  
  47  5:12  Siege Tank  
  50  5:18  SCV  
  51  5:27  SCV  
  46  5:30  SCV  
  46  5:33  Supply Depot  
  46  5:34  Terran Infantry Weapons Level 1  
  47  5:37  Starport Reactor  
  47  5:43  SCV x2  
  47  5:45  Siege Tank  
  52  5:51  Marine x4  
  52  5:52  Marine  
  57  5:59  Supply Depot  
  57  6:01  Supply Depot  
  56  6:06  SCV x2  
  56  6:09  Marine x5  
  63  6:13  Medivac  
  63  6:15  Medivac  
  68  6:18  SCV  
  71  6:27  Supply Depot  
  71  6:29  Supply Depot  
  71  6:32  SCV x2  
  73  6:35  Combat Shield  
  73  6:40  Marine x2  
  73  6:41  Marine x2  
  73  6:43  Marine  
  73  6:46  SCV x2  
  80  6:47  Medivac x2  
  81  6:56  Supply Depot  
  81  6:58  SCV x2  
  81  6:59  Supply Depot  
  83  7:05  Marine x4  
  83  7:06  Marine  
  88  7:10  SCV x2, Siege Tank  
  92  7:25  Marine x2  
  94  7:34  Command Center  
  94  7:35  SCV  
  94  7:36  Supply Depot  
  94  7:37  Supply Depot, Terran Infantry Armor Level 1  
  95  7:39  Refinery  
  95  7:41  Marine x3  
  95  7:42  Siege Tank  
  95  7:43  Marine x2  
  103  7:47  SCV  
  103  7:48  SCV  
  105  8:07  SCV x2  
  105  8:08  Marine x3  
  105  8:09  Marine x2  
  112  8:26  Siege Tank, Marine x5  
  106  8:27  Medivac  
  95  8:36  Medivac  
  94  8:44  Marine x2  
  94  8:45  SCV x2  
  93  8:49  Orbital Command, Armory, Engineering Bay  
  93  8:53  Barracks x2  
  93  8:57  SCV x2  
  92  9:04  Refinery x2  
  92  9:06  Marine x2  
  92  9:07  Siege Tank, Marine x2  
  92  9:09  SCV x2  
  101  9:16  Medivac x2  
  101  9:17  Marine  
  106  9:24  SCV x3, Marine x2  
  111  9:32  Marine x2  
  113  9:40  SCV  
  112  9:49  Siege Tank, Marine  
  112  9:50  Barracks Reactor x2, Marine  
  117  9:58  Medivac x2  
  119  10:05  SCV  
  117  10:11  Marine x4  
  119  10:18  Supply Depot x2  
  119  10:19  Factory  
  119  10:21  Siege Tank, Marine  
  116  10:23  Command Center  
  116  10:27  Missile Turret  
  119  10:28  Marine, Missile Turret  
  119  10:29  Marine  
  119  10:30  Marine x2  
  119  10:31  Missile Turret, Marine x2  
  119  10:32  Sensor Tower  
  119  10:33  Sensor Tower  
Tags
 
Add a new tag
Caveats
  • Supply blocks, unpowered buildings, or Contaminate may cause inaccurate times.
  • Supply counts are checked every 10 seconds.